AoeStats
← EMERCATORM

Arena

509475469Analyzed
1v1 RM · 6d ago on Sep 26, 2026· 43m 13s· 2 players
Game mode
Random Map
Map size
Tiny (2 player)
Population
200
Speed
Normal
Resources
Standard
Victory
Conquest
Starting age
Dark Age
Ending age
Imperial Age
RankedLock teamsTeams togetherTeam positionsShared explorationLock speedFull tech treeHidden civsTurbo modeCheats
Victory
Defeat
🇵🇰 Bohemians · Pakistan
803
+17
🇨🇱 Vikings · Chile
816
-44
BadaBujja
12:05 Feudal Age
13:14 Double-Bit Axe
13:12 Horse Collar
14:21 Wheelbarrow
19:27 Castle Age
18:31 Man-at-Arms
20:35 Bow Saw
21:19 Padded Archer Armor
21:37 Heavy Plow
21:24 Crossbowman
23:18 Scale Mail Armor
29:17 Hand Cart
31:12 Chemistry
31:19 Leather Archer Armor
32:22 Ballistics
34:48 Fletching
38:22 Imperial Age
37:30 Bodkin Arrow
38:48 Forging
39:47 Conscription
EMERCATORM
10:16 Feudal Age
8:32 Loom
10:48 Horse Collar
11:36 Double-Bit Axe
15:07 Gold Mining
16:29 Man-at-Arms
18:11 Stone Mining
24:08 Castle Age
24:12 Forging
24:58 Elite Skirmisher
27:38 Squires
28:59 Pikeman
31:54 Heavy Plow
32:52 Crossbowman
35:35 Fletching
35:46 Scale Mail Armor
35:47 Padded Archer Armor
38:18 Gold Shaft Mining
42:39 Imperial Age
41:14 Bow Saw
42:07 Ballistics
Connection lost

Rejoining the realm…

Still unreachable

The connection could not be restored.

Session expired

The server has moved on; the page needs a fresh start.